 Dungeon Crawl Stone Soup version 0.30-a0-122-g2a1322497e (webtiles) character file.

Game seed: 17414557377921184336

2 Buttons840 the Ducker (level 1, 0/16 HPs)
             Began as a Merfolk Gladiator on Sept 17, 2022.
             Slain by a goblin
             ... wielding a +0 club
              (4 damage)
             ... on level 1 of the Dungeon.
             The game lasted 00:00:05 (115 turns).

Buttons840 the Ducker (Merfolk Gladiator)            Turns: 115, Time: 00:00:05

Health: 0/16       AC:  4    Str: 14    XL:     1   Next: 30%
Magic:  1/1        EV: 10    Int:  7    God:
Gold:   25         SH:  0    Dex: 15    Spells: 0/0 levels left

rFire   . . .      SeeInvis .    a - +0 flail
rCold   . . .      Faith    .    (no shield)
rNeg    . . .      Spirit   .    b - +0 leather armour
rPois   .          Reflect  .    c - +0 helmet
rElec   .          Harm     .    (no cloak)
rCorr   .          Rampage  .    (no gloves)
Will    .....                    (no boots)
Stlth   +.........               (no amulet)
HPRegen 0.05/turn                (no ring)
MPRegen 0.07/turn                (no ring)

@: constricted
A: (nimble swimmer 2), mertail
a: no special abilities


You were on level 1 of the Dungeon.
You visited 1 branch of the dungeon, and saw 1 of its levels.

You collected 25 gold pieces.

Inventory:

Hand Weapons
 a - a +0 flail (weapon)
Missiles
 d - 3 throwing nets (quivered)
 e - 7 javelins
Armour
 b - a +0 leather armour (worn)
 c - a +0 helmet (worn)
Jewellery
 f - a ring of resist corrosion
 i - a +6 ring of strength
Scrolls
 g - a scroll of identify {unknown}
 h - 2 scrolls of teleportation {unknown}


   Skills:
 + Level 2.2 Fighting
 + Level 2.4 Maces & Flails
 + Level 2.0 Throwing
 + Level 4.0 Dodging


You couldn't memorise any spells.
You didn't know any spells.
Your spell library was empty.

Dungeon Overview and Level Annotations

Branches:
Dungeon (1/15)

Altars:


Innate Abilities, Weirdness & Mutations

((You are very nimble when in or above water. (Stealth+, EV+, Speed+++)))
Your lower body shifts to a powerful aquatic tail in water.


Message History

Welcome, Buttons840 the Merfolk Gladiator.
The heart of this dungeon contains the transcendent artefact, the Orb of Zot.
Press ? for a list of commands and other information.
There is a dry fountain here.
f - a ring of resist corrosion A rat comes into view.
A rat is nearby!
A rat is nearby!
A rat is nearby!
A rat is nearby!
A rat is nearby!
You hit the rat.
You kill the rat!
e - 7 javelins (gained 6)
g - a scroll labelled RIRGHA BIOS A rat comes into view.
A rat is nearby!
You thump the rat!
You kill the rat!
You now have 14 gold pieces.
You now have 25 gold pieces (gained 11).
h - 2 scrolls labelled TUCOFYMNUM
i - a +6 ring of strength A rat and a goblin come into view.
A kobold comes into view. It is wielding a +0 whip.
The kobold shouts!
The goblin shouts!
You hear a shout!
A ball python comes into view.
A kobold comes into view. It is wielding a +0 short sword.
There are monsters nearby!
The kobold barely misses you.
There are monsters nearby!
The ball python hisses angrily.
You hit the kobold.
You kill the kobold!
There are monsters nearby!
The goblin hits you with a +0 club. The rat closely misses you.
There are monsters nearby!
You hit the ball python but do no damage.
The ball python bites you. The ball python grabs you.
The ball python constricts you. The goblin closely misses you.
The rat bites you but does no damage. The ball python bites you.
The ball python constricts you. The goblin closely misses you.
The rat bites you.
The ball python bites you but does no damage.
The ball python constricts you. The goblin closely misses you.
The rat bites you. The ball python bites you. The ball python constricts you.
The rat bites you.
* * * LOW HITPOINT WARNING * * *
The goblin hits you with a +0 club.
You die...

##..........#####.####
#..........+.........
#..........#####.####
#..........### #.####
+..........+># #.....
#..........#.# ######
####..........#.#
......S.......#.#
.....Kg@.#......# ####
......r.)#......# #...
.........#......#####.##
.........#............#
.........##.....#######
###########....## #....#
#....# #....###


You could see a goblin, a ball python, a kobold and a rat.

Vanquished Creatures
  A kobold (D:1)
  2 rats (D:1)
3 creatures vanquished.

Notes
Turn   | Place    | Note
-------+----------+-------------------------------------------
     0 | D:1      | Buttons840 the Merfolk Gladiator began the quest for the
                  | Orb.
     0 | D:1      | Reached XP level 1. HP: 16/16 MP: 1/1
   115 | D:1      | Slain by a goblin

Illustrated notes

Levels and vault maps discovered:
D:1:      wander_arrival_desolate, layout_basic,
          dilly_ecumenical_altar_fadedgnrine, serial_shops, shop,
          corexii_corridor_pit, st_stairs_6, minmay_pentomino_t2

Action                   || total
-------------------------++-------
Melee: Flail             ||     4
Armor: Leather armour    ||     2
Dodge: Dodged            ||     5

Table legend: (Time is in decaauts)
 A = Elapsed time spent in this place.
 B = Non-inter-level travel time spent in this place.
 C = Inter-level travel time spent in this place.
 D = Time resting spent in this place.
 E = Time spent auto-exploring this place.
 F = Levels seen in this place.
 G = Mean time per level.
                   A        B        C        D        E       F      G
               +--------+--------+--------+--------+--------+-----+--------+
         Total |    116 |    116 |      0 |      0 |     98 |   1 |  116.0 |
       Dungeon |    116 |    116 |      0 |      0 |     98 |   1 |  116.0 |
               +--------+--------+--------+--------+--------+-----+--------+

Top non-repeatable levels by time:
     D:1: 116 daAuts
